 Dungeon Crawl Stone Soup version 0.31-a0-986-g5e6e4ef867 (webtiles) character file.

Game seed: 15483034527756290261

230 timneilson the Ruffian (level 6, -4/41 HPs)
             Began as an Octopode Shapeshifter on Nov 12, 2023.
             Slain by an iguana (5 damage)
             ... on level 4 of the Dungeon.
             The game lasted 00:03:48 (2054 turns).

timneilson the Ruffian (Octopode Shapeshifter)      Turns: 2054, Time: 00:03:49

Health: -4/41      AC:  1    Str: 15    XL:     6   Next: 3%
Magic:  0/8        EV: 13    Int: 12    God:
Gold:   151        SH:  0    Dex: 12    Spells: 7/7 levels left

rFire   . .          .
                       - Unarmed
rCold   . . .        (no shield)
rNeg    . . .        (helmet currently unavailable)
rPois   .            e - amulet of guardian spirit
rElec   .            l - ring of see invisible
rCorr   .            (no ring)
SInv    +            (no ring)
Will    .....        (no ring)
Stlth   +++          (no ring)
HPRegen 0.26/turn    (no ring)
MPRegen 0.11/turn    (no ring)
                     (no ring)

%: guardian spirit
@: beast-form
A: beast (slay +2), almost no armour, amphibious, 8 rings, camouflage 1,
gelatinous body 1, (nimble swimmer 1), tentacles
a: Begin Untransformation


You were on level 4 of the Dungeon.
You were a hulking beast.
You visited 1 branch of the dungeon, and saw 4 of its levels.

You collected 151 gold pieces.

Inventory:

Jewellery
 e - an amulet of guardian spirit (around mantle)
 l - a ring of see invisible (left tentacle)
Talismans
 b - a beast talisman
 c - a flux talisman
Scrolls
 g - a scroll of silence
 h - 2 scrolls of blinking
 j - a scroll of vulnerability
 n - a scroll of immolation
 o - 3 scrolls of amnesia
Potions
 a - a potion of lignification
 d - a potion of enlightenment
 k - 2 potions of magic
 m - a potion of heal wounds {unknown}


   Skills:
 * Level 2.6 Fighting
 * Level 3.2 Dodging
 + Level 2.1 Stealth
 * Level 3.8 Unarmed Combat
 + Level 1.3 Spellcasting
 * Level 3.7 Shapeshifting


You had 7 spell levels left.
You didn't know any spells.
Your spell library contained the following spells:

 Spells                   Type           Power      Damage    Failure   Level
 Frozen Ramparts          Ice            0%         1d1       65%         3
 Ozocubu's Armour         Ice            0%         N/A       65%         3
 Petrify                  Tmut/Erth      0%         N/A       96%         4
 Metabolic Englaciation   Hex/Ice        0%         N/A       100%        5
 Simulacrum               Ice/Necr       0%         N/A       100%        6


Dungeon Overview and Level Annotations

Branches:
Dungeon (4/15)
 Temple: D:4-7

Altars:
Xom


Innate Abilities, Weirdness & Mutations

You are a hulking beast.
Your limbs bulge with bestial killing power. (Slay +2)
You cannot wear most types of armour.
You are amphibious.
You can wear up to eight rings at the same time.
Your skin changes colour to match your surroundings (Stealth+).
Your rubbery body absorbs attacks. (AC +1, EV +1)
((You are camouflaged when in or above water. (Stealth+)))
You have tentacles for arms and can constrict up to eight enemies at once.


Message History

a book of Winter; a hound corpse You pick up a book of Winter and begin reading...
You add the spells Ozocubu's Armour and Simulacrum to your library.
A gnoll comes into view. It is wielding a +0 spear. x2
The gnoll shouts!
Found a dagger.
The gnoll hits you from afar with a +0 spear!
The gnoll hits you with a +0 spear.
The gnoll shouts!
You tentacle-slap the gnoll. You grab the gnoll.
The gnoll is moderately wounded.
You constrict the gnoll. The gnoll barely misses you. x2
You tentacle-slap the gnoll.
The gnoll is moderately wounded.
You constrict the gnoll.
The gnoll hits you from afar with a +0 spear.
The gnoll barely misses you.
You tentacle-slap the gnoll.
The gnoll is severely wounded.
You constrict the gnoll.
The gnoll hits you from afar with a +0 spear.
You tentacle-slap the gnoll.
You kill the gnoll!
The gnoll completely misses you.
The gnoll hits you from afar with a +0 spear!
* * * LOW HITPOINT WARNING * * *
You have reached level 6!
It was a potion of enlightenment.
You feel very buoyant.
You fly up into the air.
The gnoll misses you. The iguana bites you.
* * * LOW HITPOINT WARNING * * *
The gnoll misses you.
It was a potion of cancellation.
Your magical effects are unravelling.
You feel magically purged.
You float gracefully downwards.
Your enlightenment fades.
The gnoll hits you from afar with a +0 spear.
* * * LOW HITPOINT WARNING * * *
The gnoll barely misses you. The iguana bites you.
You die...

#### #.... .... #...
##.... # #...###....### .#
#..........#.###.##..
##....................
#####...........h##.......
..............<)lgg.......
.................g........
...................##.....
.............†..........).
...........§§§≈≈§≈≈≈......
...........≈.......≈...#..
...........§.###.#.≈...#
.#.........≈.#...#.§§...


You could see an iguana and 3 gnolls.

Vanquished Creatures
  A hound (D:4)
  2 orc wizards (D:3)
  Natasha (D:3)
  A gnoll (D:4)
  5 adders
  3 worms (D:2)
  A dart slug (D:4)
  2 orcs (D:3)
  5 bats
  8 endoplasms
  A giant cockroach (D:3)
  2 goblins
  4 hobgoblins
  3 jackals
  3 quokkas
  6 ball pythons
  4 frilled lizards
  4 kobolds
  3 rats
59 creatures vanquished.

Notes
Turn   | Place    | Note
-------+----------+-------------------------------------------
     0 | D:1      | timneilson the Octopode Shapeshifter began the quest for
                  | the Orb.
     0 | D:1      | Reached XP level 1. HP: 13/13 MP: 1/1
   169 | D:1      | Reached XP level 2. HP: 12/18 MP: 2/2
   620 | D:2      | Reached XP level 3. HP: 12/23 MP: 3/3
   724 | D:2      | Reached skill level 1 in Stealth
   961 | D:2      | Found a faded altar of an unknown god.
  1315 | D:3      | Reached XP level 4. HP: 26/29 MP: 5/5
  1406 | D:3      | Reached skill level 1 in Spellcasting
  1410 | D:3      | Reached XP level 5. HP: 17/35 MP: 6/6
  1575 | D:3      | Noticed Natasha
  1583 | D:3      | Killed Natasha
  2011 | D:4      | Found a shimmering altar of Xom.
  2053 | D:4      | Reached XP level 6. HP: 6/41 MP: 1/8
  2054 | D:4      | HP: 1/41 [gnoll/+0 spear (4)]
  2054 | D:4      | Slain by an iguana

Illustrated notes

Levels and vault maps discovered:
D:1:      ldierk_walled_garden_2, layout_rooms, serial_glass, glass_columns_c,
          glass_columns_a, minmay_tall_x
D:2:      minmay_angry_zag, layout_basic, shapermc_ecumenical_altar_petra
D:3:      layout_loops_ring, uniq_natasha
D:4:      layout_cave_pools, yredelemnul_forgotten_temple_becter,
          mainiacjoe_overflow_brackets, enter_ossuary_4

Skill      XL: |  1  2  3  4  5 |
---------------+----------------+-----
Stealth        | 1 2 |  2.1
Fighting       | 2 |  2.6
Spellcasting   | 1 |  1.3
Dodging        | 3 |  3.2
Unarmed Combat | |  3.8
Shapeshifting  | |  3.7

Action                     |  1- 3 |  4- 6 || total
---------------------------+-------+-------++-------
  Melee: Unarmed           |    65 |    43 ||   108
         Constrict         |    17 |    11 ||    28
         Tentacles         |    14 |    13 ||    27
         Punch             |     2 |       ||     2
    Use: Scroll            |     7 |     2 ||     9
         Potion            |       |     2 ||     2
   Stab: Sleeping          |    11 |     7 ||    18
 Armour: Skin              |    23 |    23 ||    46
  Dodge: Dodged            |    48 |    21 ||    69

Table legend: (Time is in decaauts)
 A = Elapsed time spent in this place.
 B = Non-inter-level travel time spent in this place.
 C = Inter-level travel time spent in this place.
 D = Time resting spent in this place.
 E = Time spent auto-exploring this place.
 F = Levels seen in this place.
 G = Mean time per level.
                   A        B        C        D        E       F      G
               +--------+--------+--------+--------+--------+-----+--------+
         Total |   2047 |   1990 |     57 |     35 |   1465 |   4 |  511.8 |
       Dungeon |   2047 |   1990 |     57 |     35 |   1465 |   4 |  511.8 |
               +--------+--------+--------+--------+--------+-----+--------+

Top non-repeatable levels by time:
     D:2: 792 daAuts
     D:3: 625 daAuts
     D:1: 498 daAuts
     D:4: 130 daAuts
